AoeStats
← Sample Text

Lombardia

509858438Analyzed
2v2 RM · 5d ago on Sep 28, 2026· 71m 24s· 4 players
Game mode
Random Map
Map size
Medium (4 player)
Population
200
Speed
Normal
Resources
Standard
Victory
Conquest
Starting age
Dark Age
Ending age
Imperial Age
RankedLock teamsTeams togetherTeam positionsShared explorationLock speedFull tech treeHidden civsTurbo modeCheats
Victory
Defeat
🇷🇺 Romans · Russia
1053
+16
🇷🇺 Mapuche · Russia
1050
+16
🇦🇺 Chinese · Australia
1068
-16
🇦🇺 Danes · Australia
1042
-16
MAN1YAKFOX
5:12 Loom
12:16 Feudal Age
15:34 Man-at-Arms
21:15 Castle Age
21:46 Scale Mail Armor
22:50 Long Swordsman
24:15 Squires
24:48 Town Watch
26:22 Chain Mail Armor
26:17 Forging
33:14 Double-Bit Axe
35:27 Ballistas
38:32 Imperial Age
38:39 Town Patrol
38:40 Fletching
39:30 Heavy Scorpion
40:22 Gold Mining
40:37 Pikeman
42:52 Halberdier
44:02 Ballistics
44:44 Chemistry
44:11 Legionary
47:48 Conscription
48:33 Iron Casting
54:17 Siege Engineers
58:46 Wheelbarrow
58:53 Bodkin Arrow
59:59 Blast Furnace
6ym6ym666
0:29 Loom
11:53 Feudal Age
15:17 Champi Runner
15:53 Arson
16:58 Forging
16:49 Scale Mail Armor
21:28 Horse Collar
21:34 Double-Bit Axe
24:29 Castle Age
22:25 Gold Mining
22:44 Stone Mining
24:32 Champi Warrior
25:30 Chain Mail Armor
27:00 Iron Casting
28:33 Fletching
33:41 Bodkin Arrow
33:54 Heavy Plow
34:04 Bow Saw
34:16 Padded Archer Armor
39:33 Wheelbarrow
38:44 Town Watch
40:04 Leather Archer Armor
40:27 Gold Shaft Mining
40:27 Stone Shaft Mining
44:46 Imperial Age
43:14 Hand Cart
43:48 Ballistics
46:01 Ring Archer Armor
44:57 Elite Bolas Rider
46:15 Crop Rotation
46:03 Town Patrol
47:51 Elite Champi Warrior
51:11 Blast Furnace
50:42 Plate Mail Armor
51:53 Conscription
51:36 Malon
51:46 Butalmapu
51:56 Pikeman
57:00 Halberdier
68:22 Elite Kona
Big J
0:29 Loom
9:56 Feudal Age
11:35 Double-Bit Axe
20:37 Castle Age
18:59 Fletching
19:23 Horse Collar
20:52 Crossbowman
21:54 Thumb Ring
23:05 Padded Archer Armor
25:43 Gold Mining
26:32 Wheelbarrow
33:10 Bodkin Arrow
35:55 Forging
41:07 Bow Saw
44:03 Bloodlines
49:19 Hand Cart
50:26 Ballistics
52:48 Imperial Age
51:27 Gold Shaft Mining
54:03 Arbalester
55:00 Bracer
55:16 Leather Archer Armor
58:10 Conscription
58:41 Ring Archer Armor
61:13 Light Cavalry
66:51 Scale Barding Armor
Sample Text
8:11 Loom
9:57 Feudal Age
11:20 Double-Bit Axe
12:06 Man-at-Arms
18:52 Castle Age
17:12 Gold Mining
17:04 Horse Collar
19:37 Gambesons
20:07 Forging
23:00 Bow Saw
24:22 Fletching
25:37 Bodkin Arrow
28:21 Iron Casting
34:41 Scale Mail Armor
35:42 Squires
36:34 Wheelbarrow
41:28 Imperial Age
39:48 Chain Mail Armor
40:35 Gold Shaft Mining
41:08 Hand Cart
40:58 Heavy Plow
42:48 Conscription
42:21 Capped Ram
42:57 Northmen's Fury
43:00 Onager
44:26 Elite Varangian Guard
46:53 Elite Jomsviking
48:17 Siege Engineers
49:13 Chemistry
50:14 Plate Mail Armor
49:46 Stone Mining
51:03 Ballistics
53:50 Blast Furnace
57:07 Pikeman
57:53 Padded Archer Armor
58:53 Halberdier
59:47 Long Swordsman
60:30 Two-Handed Swordsman
62:19 Bracer
66:00 Siege Onager
Connection lost

Rejoining the realm…

Still unreachable

The connection could not be restored.

Session expired

The server has moved on; the page needs a fresh start.